 Dungeon Crawl Stone Soup version 0.23-a0-169-gb21e695 (webtiles) character file.

261 EvilAliv3 the Poker (level 6, 0/50 HPs)
             Began as a Merfolk Chaos Knight on Sept 9, 2018.
             Slain by Prince Ribbit (6 damage)
             ... on level 5 of the Dungeon on Sept 11, 2018.
             The game lasted 00:31:13 (4368 turns).

EvilAliv3 the Poker (Merfolk Chaos Knight)          Turns: 4368, Time: 00:31:14

Health: 0/50       AC:  5    Str: 15      XL:     6   Next: 18%
Magic:  6/6        EV:  9    Int:  7      God:    Xom [*.....]
Gold:   150        SH:  0    Dex: 12 (13) Spells: 5/5 levels left

rFire    . . .     SeeInvis .   a - +0 spear (chaos)
rCold    . . .     Gourm    .   i - +1 large shield
rNeg     . . .     Faith    .   b - +2 leather armour
rPois    .         Spirit   .   (no helmet)
rElec    .         Reflect  .   (no cloak)
rCorr    .         Harm     .   (no gloves)
MR       .....                  (no boots)
Stlth    +.........             l - amulet of regeneration
HPRegen  0.56/turn              (no ring)
MPRegen  0.10/turn              (no ring)

@: confused, lethally poisoned (0 -> 0)
A: change form in water, swift swim, stealthy swim, dopey 2
a: Renounce Religion


You were on level 5 of the Dungeon.
You worshipped Xom.
You were a special plaything of Xom.
You were not hungry.

You visited 1 branch of the dungeon, and saw 5 of its levels.

You collected 150 gold pieces.

Inventory:

Hand Weapons
 a - a +0 spear of chaos (weapon)
 o - a +0 glaive
Missiles
 k - 66 poisoned needles
 p - 2 tomahawks (quivered)
Armour
 b - a +2 leather armour (worn)
 i - a +1 large shield (worn)
Jewellery
 l - an amulet of regeneration (around neck)
Scrolls
 e - a scroll of enchant armour
 m - 2 scrolls of remove curse
 n - a scroll of random uselessness {unknown}
 r - a scroll of teleportation {unknown}
Potions
 g - a potion of brilliance
 h - 2 potions of haste
 j - a potion of might {unknown}
 q - a potion of magic {unknown}
 t - 2 potions of curing {unknown}
Comestibles
 c - 5 rations
 f - a chunk of flesh


   Skills:
 + Level 4.9 Fighting
 * Level 6.6 Polearms
 - Level 0.6 Armour
 + Level 4.1 Dodging
 * Level 2.3 Shields


You had 5 spell levels left.
You didn't know any spells.
Your spell library was empty.

Dungeon Overview and Level Annotations

Branches:
Dungeon (5/15)             Temple (0/1) D:4

Altars:
Fedhas
Makhleb
Uskayaw
Zin
The Shining One

Annotations:
D:2 2 transporters
D:3 Sigmund
D:5 Prince Ribbit


Innate Abilities, Weirdness & Mutations

You revert to your normal form in water.
You are very nimble and swift while swimming.
You are very stealthy in the water. (Stealth+)
You are very dopey. (Int -4)


Message History

Attack whom?
Press: ? - help, Dir - move target cursor You reach to attack!
Your shield prevents you from hitting something.
You barely miss something. Something hits you but does no damage.
You miss something.
You feel sick. Something hits you!
You see here a quokka corpse.
You butcher the quokka corpse.
Something hits you.
* * * LOW HITPOINT WARNING * * *
Something hits you.
* * * LOW HITPOINT WARNING * * *
Things that are here:
a chunk of flesh; a quokka skeleton
f - a chunk of flesh You feel sick.
Something hits you.
* * * LOW HITPOINT WARNING * * *
You are confused.
You feel invigorated. Something hits you.
You die... "I guess I need a new plaything now."

##########
.........#
.........#
.........#
.........#
.........#
.........######## .
.....>.@........#..
.......†...........
#####+#........#...
+...........p
#........##.#
#........#
#........#
#........#
#........#


There were no monsters in sight!

Vanquished Creatures
  2 hounds
  Jessica (D:3)
  2 worker ants
  5 adders (D:2)
  An ooze (D:1)
  A worm (D:2)
  3 leopard geckos
  12 orcs
  4 bats
  3 giant cockroaches
  3 goblins
  4 hobgoblins
  2 jackals (D:3)
  6 kobolds
  2 quokkas
  2 ball pythons
  4 frilled lizards
  6 rats
63 creatures vanquished.

Vanquished Creatures (others)
  Menkaure (D:4)
  A dart slug (D:3)
2 creatures vanquished.

Grand Total: 65 creatures vanquished

Notes
Turn   | Place    | Note
-------+----------+-------------------------------------------
     0 | D:1      | EvilAliv3 the Merfolk Chaos Knight began the quest for the
                  | Orb.
     0 | D:1      | Reached XP level 1. HP: 18/18 MP: 1/1
    13 | D:1      | XOM: divination: detect items
   114 | D:1      | XOM: harmless Fire miscast
   125 | D:1      | XOM: potion effect (agility)
   136 | D:1      | Reached XP level 2. HP: 24/24 MP: 2/2
   566 | D:2      | XOM: polymorph something unseen -> kobold
   573 | D:2      | Found a transporter.
   589 | D:2      | Found a transporter.
   605 | D:2      | Found a glowing golden altar of the Shining One.
   624 | D:2      | Reached skill level 5 in Polearms
   660 | D:2      | XOM: enchant monster (bad)
   668 | D:2      | Reached XP level 3. HP: 17/30 MP: 3/3
   823 | D:2      | XOM: harmless Tloc miscast
  1164 | D:2      | Reached XP level 4. HP: 13/37 MP: 4/4
  1177 | D:2      | XOM: give mutations
  1177 | D:2      | Gained mutation: You are dopey. (Int -2) [Xom's mischief]
  1177 | D:2      | Gained mutation: You are very dopey. (Int -4) [Xom's
                  | mischief]
  1418 | D:2      | XOM: summons 2 hostile demons
  1569 | D:2      | Found a blossoming altar of Fedhas.
  1687 | D:2      | Reached skill level 1 in Shields
  1733 | D:2      | XOM: mild Air miscast
  1809 | D:2      | Upgraded the game from 0.23-a0-164-g7711e57 to
                  | 0.23-a0-169-gb21e695
  1837 | D:3      | Noticed Jessica
  1924 | D:2      | XOM: mild Ice miscast
  1942 | D:2      | XOM: enchant monster (bad)
  2129 | D:1      | XOM: stat loss: -1 Int (6/7)
  2258 | D:3      | Found a glowing silver altar of Zin.
  2286 | D:3      | Found a burning altar of Makhleb.
  2292 | D:3      | Reached XP level 5. HP: 33/43 MP: 5/5
  2383 | D:3      | XOM: silly message
  2395 | D:3      | XOM: 3-stop teleportation journey
  2396 | D:3      | Noticed Sigmund
  2406 | D:3      | XOM: summons 2 hostile demons
  2588 | D:3      | XOM: destruction
  2699 | D:2      | Reached skill level 6 in Polearms
  2808 | D:3      | XOM: smoke on damage
  2997 | D:3      | Killed Jessica
  3163 | D:3      | XOM: harmless Conj miscast
  3187 | D:3      | XOM: summons 2 hostile demons
  3277 | D:3      | Found a hide-covered altar of Uskayaw.
  3302 | D:3      | XOM: summons 2 hostile demons
  3476 | D:4      | Noticed a phantom
  3477 | D:4      | XOM: mild Erth miscast
  3487 | D:4      | XOM: 2-stop teleportation journey
  3574 | D:4      | Found a staircase to the Ecumenical Temple.
  3952 | D:4      | Reached XP level 6. HP: 45/50 MP: 6/6
  4001 | D:4      | Noticed Menkaure
  4005 | D:4      | XOM: harmless Erth miscast
  4006 | D:4      | XOM: mild Hex miscast
  4027 | D:4      | Killed Menkaure
  4027 | D:4      | XOM: divine lightning
  4086 | D:3      | XOM: mild Air miscast
  4283 | D:5      | Entered Level 5 of the Dungeon
  4338 | D:5      | XOM: 1-stop teleportation journey
  4339 | D:5      | Noticed a slave
  4340 | D:5      | Noticed Prince Ribbit
  4367 | D:5      | HP: 1/50 [something (6)]
  4368 | D:5      | Slain by Prince Ribbit

Vault maps used:
D:1:      roderic_crossed_star, minmay_stone_trees_small
D:2:      gammafunk_temple_overflow_arena, tso_oasis_becter
D:3:      makhleb_blood_cavern_becter, lemuel_round_altar, lemuel_doored_altar,
          chequers_ecumenical_altar_twisty, uniq_jessica, uniq_sigmund
D:4:      minmay_temple_entry_glass, first_ration, uniq_menkaure
D:5:      uniq_prince_ribbit1, uniq_pikel, uniq_eustachio, uniq_duvessa

Skill      XL: |  1  2  3  4  5 |
---------------+----------------+-----
Dodging        | 3 4 |  4.1
Polearms       | 5 6 |  6.6
Fighting       | 4 |  4.9
Shields        | 1 2 |  2.3
Armour         | |  0.6

Action                   |  1- 3 |  4- 6 || total
-------------------------+-------+-------++-------
Melee: Spear             |    86 |   258 ||   344
  Use: Potion            |       |     3 ||     3
       Scroll            |       |     5 ||     5
 Stab: Sleeping          |     3 |       ||     3
       Paralysed         |     1 |       ||     1
  Eat: Chunk             |     1 |     5 ||     6
       Ration            |       |     2 ||     2
Armor: Leather armour    |    15 |    86 ||   101
Dodge: Dodged            |    18 |    68 ||    86
Block: Large shield      |    22 |   129 ||   151

Table legend:
 A = Non-vault XP
 B = Vault XP
 C = Vault XP percentage of total XP
 D = Non-vault monster count
 E = Vault monster count
 F = Vault count percentage of total count
                 A         B        C        D         E       F
            +---------+---------+-------+---------+---------+-------
      Total |     287 |      86 |  23.1 |      61 |       3 |   4.7
            +---------+---------+-------+---------+---------+-------
        D:1 |      27 |       0 |   0.0 |      12 |       0 |   0.0
        D:2 |     117 |       0 |   0.0 |      28 |       0 |   0.0
        D:3 |      25 |      79 |  76.0 |      14 |       2 |  12.5
        D:4 |      82 |       7 |   7.9 |       5 |       1 |  16.7
        D:5 |      36 |       0 |   0.0 |       2 |       0 |   0.0
            +---------+---------+-------+---------+---------+-------
